 Dungeon Crawl Stone Soup version 0.31-a0-431-g88bdf31460 (webtiles) character file.

Game seed: 15813506763003939585

674 cforsyth the Charlatan (level 7, -3/53 HPs)
             Began as a Gnoll Artificer on Aug 1, 2023.
             Slain by a scorpion (5 damage)
             ... on level 4 of the Dungeon.
             The game lasted 00:10:46 (4932 turns).

cforsyth the Charlatan (Gnoll Artificer)            Turns: 4932, Time: 00:10:47

Health: -3/53      AC:  8    Str: 13    XL:     7   Next: 59%
Magic:  10/10      EV: 11    Int: 11    God:
Gold:   1027       SH:  0    Dex: 12    Spells: 11/11 levels left

rFire   . .          .
                       - Unarmed
rCold   . . .        (no shield)
rNeg    . . .        k - +2 ring mail of Parsimonious Lucidity {Will+}
rPois   .            (no helmet)
rElec   .            (no cloak)
rCorr   .            (no gloves)
SInv    .            (no boots)
Will    +....        (no amulet)
Stlth   ++           (no ring)
HPRegen 0.28/turn    (no ring)
MPRegen 0.12/turn

%: no passive effects
@: lethally poisoned (-3 -> -4)
A: fangs 1, strong nose, distributed training
a: no special abilities


You were on level 4 of the Dungeon.
You visited 1 branch of the dungeon, and saw 4 of its levels.
You also visited: Ossuary.

You collected 1027 gold pieces.

Inventory:

Hand Weapons
 a - a +0 club
 s - a +1 dagger of holy wrath
Armour
 b - a +0 leather armour
 h - a +1 chain mail
 k - the +2 ring mail of Parsimonious Lucidity (worn) {Will+}
   (You found it on level 2 of the Dungeon)

   Will:      It increases your willpower.
Jewellery
 r - an amulet of faith
Wands
 d - a wand of charming (11)
Scrolls
 e - 2 scrolls of poison {unknown}
 f - a scroll of fear {unknown}
 n - a scroll of immolation
Potions
 c - a potion of berserk rage {unknown}
 g - a potion of degeneration {unknown}
 i - a potion of enlightenment {unknown}
 j - a potion of magic
 l - 3 potions of curing
 m - a potion of attraction
 o - a potion of brilliance
 p - a potion of mutation
 q - a potion of haste {unknown}
 t - 2 potions of cancellation


   Skills:
 + Level 3.7 Fighting
 + Level 2.6 Short Blades
 + Level 2.6 Long Blades
 + Level 2.6 Axes
 + Level 2.6 Maces & Flails
 + Level 2.6 Polearms
 + Level 2.6 Staves
 + Level 2.6 Ranged Weapons
 + Level 2.6 Throwing
 + Level 5.3 Armour
 + Level 3.7 Dodging
 + Level 3.6 Stealth
 + Level 2.6 Shields
 + Level 2.6 Unarmed Combat
 + Level 2.6 Spellcasting
 + Level 2.1 Conjurations
 + Level 2.1 Hexes
 + Level 2.1 Summonings
 + Level 2.1 Necromancy
 + Level 2.1 Translocations
 + Level 2.1 Transmutations
 + Level 2.1 Fire Magic
 + Level 2.1 Ice Magic
 + Level 2.1 Air Magic
 + Level 2.1 Earth Magic
 + Level 2.1 Poison Magic
 + Level 2.9 Invocations
 + Level 7.1 Evocations
 + Level 2.1 Shapeshifting


You had 11 spell levels left.
You didn't know any spells.
Your spell library contained the following spells:

 Spells                   Type           Power      Damage    Failure   Level
 Magic Dart               Conj           24%        1d4       22%         1
 Call Imp                 Summ           12%        N/A       34%         2
 Inner Flame              Hex/Fire       6%         N/A       56%         3
 Mephitic Cloud           Conj/Pois/Air  6%         N/A       56%         3
 Flame Wave               Conj/Fire      6%         2d5       92%         4
 Sticky Flame             Conj/Fire      6%         2d3       92%         4


Dungeon Overview and Level Annotations

Branches:
Dungeon (4/15)            Ossuary (visited)
 Temple: D:4-7

Altars:
Kikubaaqudgha

Annotations:
D:3 2 transporters


Innate Abilities, Weirdness & Mutations

You have very sharp teeth.
Your uncanny sense of smell can sniff out nearby items.
Your experience applies equally to all skills.


Message History

You hit the scorpion but do no damage. Your bite misses the scorpion.
The scorpion is severely wounded.
You feel sick.
The scorpion stings you but does no damage.
You barely miss the scorpion.
The scorpion is severely wounded.
You feel very sick. The scorpion closely misses you. The scorpion stings you.
* * * LOW HITPOINT WARNING * * *
You hit the scorpion but do no damage. Your bite misses the scorpion.
The scorpion is severely wounded.
You feel sick.
The scorpion stings you but does no damage.
You barely miss the scorpion.
The scorpion is severely wounded.
You feel sick.
The scorpion stings you but does no damage.
You hit the scorpion but do no damage.
The scorpion is severely wounded.
You feel sick.
The scorpion stings you but does no damage.
You hit the scorpion but do no damage.
The scorpion is severely wounded.
You feel sick. The scorpion stings you.
* * * LOW HITPOINT WARNING * * *
You hit the scorpion. Your punch misses the scorpion.
Your bite misses the scorpion.
The scorpion is severely wounded.
* * * LOW HITPOINT WARNING * * *
You feel sick. The scorpion barely misses you.
You hit the scorpion.
You bite the scorpion, but do no damage.
The scorpion is almost dead.
* * * LOW HITPOINT WARNING * * *
You feel sick. The scorpion barely misses you.
You hit the scorpion but do no damage.
The scorpion is almost dead.
* * * LOW HITPOINT WARNING * * *
You feel sick. The scorpion stings you.
You die...

... ..# :#...# #..##. #
####...### .... #
#....###.... ## #.....#.....
.#### #........... .....
#####..........
...............s........
.###............@.#
.##.....########..# ∆ .
........# ##..## ..
........# ##....### ##...
........## #.......##.....
.........####...###.........
#..........#...##...........
#....####.....##........[.).
....## ##.....##....####....


You could see a scorpion.

Vanquished Creatures
  An elf zombie (Ossuary)
  A howler monkey (D:4)
  2 centaur zombies (Ossuary)
  3 hounds (D:4)
  A jelly (D:4)
  A human zombie (Ossuary)
  An orc priest (D:4)
  2 iguanas (D:4)
  Terence (D:2)
  5 hound zombies (Ossuary)
  3 mummies (Ossuary)
  An adder (D:3)
  3 adder zombies (Ossuary)
  A worm (D:2)
  2 dart slugs (D:2)
  8 orcs (D:4)
  8 bats
  8 endoplasms
  2 giant cockroaches
  A gnoll zombie (Ossuary)
  6 goblins
  5 hobgoblins
  4 quokkas
  7 ball pythons
  4 frilled lizards
  5 goblin zombies (Ossuary)
  2 hobgoblin zombies (Ossuary)
  4 jackal zombies (Ossuary)
  A kobold (D:2)
  6 kobold zombies (Ossuary)
  3 quokka zombies (Ossuary)
  5 rats
  4 rat zombies (Ossuary)
111 creatures vanquished.

Vanquished Creatures (collateral kills)
  A goblin (D:4)
  A jackal (D:4)
  A quokka (D:4)
3 creatures vanquished.

Vanquished Creatures (others)
  An orc priest (D:4)
  An orc (D:4)
2 creatures vanquished.

Grand Total: 116 creatures vanquished

Notes
Turn   | Place    | Note
-------+----------+-------------------------------------------
     0 | D:1      | cforsyth the Gnoll Artificer began the quest for the Orb.
     0 | D:1      | Reached XP level 1. HP: 17/17 MP: 1/1
   739 | D:1      | Reached XP level 2. HP: 22/23 MP: 2/2
  1351 | D:2      | Reached XP level 3. HP: 15/28 MP: 3/3
  1452 | D:2      | Identified the +2 ring mail of Parsimonious Lucidity
                  | {Will+}
  1640 | D:2      | Reached skill level 1 in Invocations
  2225 | D:2      | Reached skill level 1 in Short Blades
  2225 | D:2      | Reached skill level 1 in Long Blades
  2225 | D:2      | Reached skill level 1 in Axes
  2225 | D:2      | Reached skill level 1 in Maces & Flails
  2225 | D:2      | Reached skill level 1 in Polearms
  2225 | D:2      | Reached skill level 1 in Staves
  2225 | D:2      | Reached skill level 1 in Ranged Weapons
  2225 | D:2      | Reached skill level 1 in Throwing
  2225 | D:2      | Reached skill level 1 in Shields
  2225 | D:2      | Reached skill level 1 in Unarmed Combat
  2225 | D:2      | Reached skill level 1 in Spellcasting
  2267 | D:2      | Noticed Terence
  2276 | D:2      | Killed Terence
  2277 | D:2      | Reached XP level 4. HP: 26/34 MP: 5/5
  2388 | D:3      | Found an ancient bone altar of Kikubaaqudgha.
  2656 | D:3      | Reached skill level 1 in Conjurations
  2656 | D:3      | Reached skill level 1 in Hexes
  2656 | D:3      | Reached skill level 1 in Summonings
  2656 | D:3      | Reached skill level 1 in Necromancy
  2656 | D:3      | Reached skill level 1 in Translocations
  2656 | D:3      | Reached skill level 1 in Transmutations
  2656 | D:3      | Reached skill level 1 in Fire Magic
  2656 | D:3      | Reached skill level 1 in Ice Magic
  2656 | D:3      | Reached skill level 1 in Air Magic
  2656 | D:3      | Reached skill level 1 in Earth Magic
  2656 | D:3      | Reached skill level 1 in Poison Magic
  2656 | D:3      | Reached skill level 1 in Shapeshifting
  2718 | D:3      | Found a transporter.
  2866 | D:3      | Found a transporter.
  2929 | D:4      | Identified a scroll of acquirement
  2929 | D:4      | Acquired 788 gold pieces
  2952 | D:4      | Reached XP level 5. HP: 40/40 MP: 5/7
  3043 | D:4      | Reached XP level 6. HP: 12/47 MP: 8/8
  3045 | D:4      | Reached skill level 5 in Armour
  3180 | D:4      | Found a sand-covered staircase.
  3205 | Ossuary  | Entered an ossuary
  3596 | Ossuary  | Reached XP level 7. HP: 15/52 MP: 10/10
  3809 | Ossuary  | Reached skill level 7 in Evocations
  4932 | D:4      | HP: 2/53 [poisoned by a scorpion]
  4932 | D:4      | Slain by a scorpion

Illustrated notes

Levels and vault maps discovered:
D:1:      dpeg_arrival_snail, layout_basic, ebering_dispersal_statue_hall
D:2:      minmay_inner_zag, layout_basic, uniq_terence
D:3:      gammafunk_steamed_eel, layout_basic, kiku_gazebo_garden_becter
D:4:      layout_layer_cave, enter_ossuary_5, minivault_24, minmay_box_of_dots

Skill      XL: |  1  2  3  4  5  6  7 |
---------------+----------------------+-----
Invocations    | 1 2 |  2.9
Short Blades   | 1 2 |  2.6
Long Blades    | 1 2 |  2.6
Axes           | 1 2 |  2.6
Maces & Flails | 1 2 |  2.6
Polearms       | 1 2 |  2.6
Staves         | 1 2 |  2.6
Ranged Weapons | 1 2 |  2.6
Throwing       | 1 2 |  2.6
Shields        | 1 2 |  2.6
Unarmed Combat | 1 2 |  2.6
Spellcasting   | 1 2 |  2.6
Conjurations   | 1 2 |  2.1
Hexes          | 1 2 |  2.1
Summonings     | 1 2 |  2.1
Necromancy     | 1 2 |  2.1
Translocations | 1 2 |  2.1
Transmutations | 1 2 |  2.1
Fire Magic     | 1 2 |  2.1
Ice Magic      | 1 2 |  2.1
Air Magic      | 1 2 |  2.1
Earth Magic    | 1 2 |  2.1
Poison Magic   | 1 2 |  2.1
Shapeshifting  | 1 2 |  2.1
Fighting       | 3 |  3.7
Dodging        | 3 |  3.7
Stealth        | 3 |  3.6
Armour         | 5 |  5.3
Evocations     | 7 |  7.1

Action                     |  1- 3 |  4- 6 |  7- 9 || total
---------------------------+-------+-------+-------++-------
  Melee: Club              |   166 |    47 |       ||   213
         Bite              |    21 |    42 |    57 ||   120
         Punch             |     2 |     6 |     7 ||    15
         Dagger            |       |    40 |       ||    40
         Unarmed           |       |   166 |   284 ||   450
  Evoke: Wand              |     5 |    19 |       ||    24
    Use: Scroll            |       |    11 |     2 ||    13
   Stab: Sleeping          |     3 |       |       ||     3
 Armour: Chain mail        |    50 |       |       ||    50
         Leather armour    |     5 |       |       ||     5
         Ring mail         |    31 |   183 |   158 ||   372
  Dodge: Dodged            |    71 |   211 |   159 ||   441

Table legend: (Time is in decaauts)
 A = Elapsed time spent in this place.
 B = Non-inter-level travel time spent in this place.
 C = Inter-level travel time spent in this place.
 D = Time resting spent in this place.
 E = Time spent auto-exploring this place.
 F = Levels seen in this place.
 G = Mean time per level.
                   A        B        C        D        E       F      G
               +--------+--------+--------+--------+--------+-----+--------+
         Total |   4964 |   4826 |    138 |    246 |   3289 |   5 |  992.8 |
       Dungeon |   3770 |   3632 |    138 |     77 |   2726 |   4 |  942.5 |
       Ossuary |   1194 |   1194 |      0 |    169 |    563 |   1 | 1194.0 |
               +--------+--------+--------+--------+--------+-----+--------+

Top non-repeatable levels by time:
     D:2: 1344 daAuts
 Ossuary: 1194 daAuts
     D:1: 1073 daAuts
     D:4: 793 daAuts
     D:3: 559 daAuts
